 Dungeon Crawl Stone Soup version 0.25.1-2-g60ff931df9 (console) character file.

Game seed: 4908874911104955302

42 Colgate the Grave Robber (level 3, 0/25 HPs)
             Began as a Gnoll Necromancer on Aug 2, 2020.
             Slain by Ijyb (2 damage)
             ... on level 2 of the Dungeon.
             The game lasted 00:17:49 (1376 turns).

Colgate the Grave Robber (Gnoll Necromancer)        Turns: 1376, Time: 00:17:49

Health: 0/25       AC:  2    Str: 10    XL:     3   Next: 56%
Magic:  9/9        EV: 14    Int: 18    God:
Gold:   71         SH:  0    Dex: 15    Spells: 7/12 levels left

rFire    . . .     SeeInvis .   h - +0 mace
rCold    . . .     Gourm    .   (no shield)
rNeg     . . .     Faith    .   a - +0 robe
rPois    .         Spirit   .   (no helmet)
rElec    .         Reflect  .   g - scarf {harm}
rCorr    .         Harm     +   (no gloves)
MR       .....                  (no boots)
Stlth    +++.......             (no amulet)
HPRegen  0.08/turn              (no ring)
MPRegen  0.11/turn              (no ring)

@: no status effects
A: distributed training, fangs 1, strong nose
a: no special abilities


You were on level 2 of the Dungeon.
You were hungry.

You visited 1 branch of the dungeon, and saw 2 of its levels.

You collected 71 gold pieces.

Inventory:

Hand Weapons
 e - a +0 short sword
 h - a +0 mace (weapon)
Missiles
 j - 28 stones (quivered)
Armour
 a - a +0 robe (worn)
 g - a scarf of harm (worn)
Scrolls
 d - 2 scrolls of identify {unknown}
 i - a scroll of fog {unknown}
 k - a scroll of immolation {unknown}
Potions
 f - a potion of invisibility {unknown}
 l - a potion of stabbing {unknown}
Comestibles
 b - 3 chunks of flesh
 c - 2 rations


   Skills:
 + Level 0.8 Fighting
 + Level 0.8 Short Blades
 + Level 0.8 Long Blades
 + Level 0.8 Axes
 + Level 0.8 Maces & Flails
 + Level 0.8 Polearms
 + Level 0.8 Staves
 + Level 0.8 Slings
 + Level 0.8 Bows
 + Level 0.8 Crossbows
 + Level 0.8 Throwing
 + Level 0.8 Armour
 + Level 4.5 Dodging
 + Level 4.1 Stealth
 + Level 0.8 Shields
 + Level 0.8 Unarmed Combat
 + Level 5.0 Spellcasting
 + Level 0.5 Conjurations
 + Level 0.5 Hexes
 + Level 0.5 Charms
 + Level 0.5 Summonings
 + Level 7.1 Necromancy
 + Level 0.5 Translocations
 + Level 0.5 Transmutations
 + Level 0.5 Fire Magic
 + Level 0.5 Ice Magic
 + Level 0.5 Air Magic
 + Level 0.5 Earth Magic
 + Level 0.5 Poison Magic
 + Level 1.0 Invocations
 + Level 0.8 Evocations


You had 7 spell levels left.
You knew the following spells:

 Your Spells              Type           Power        Failure   Level  Hunger
a - Pain                  Necr           ####         1%          1    None
b - Animate Skeleton      Necr           N/A          1%          1    None
c - Vampiric Draining     Necr           ####......   2%          3    ##.....

Your spell library contained the following spells:

 Spells                   Type           Power        Failure   Level  Hunger
 Animate Dead             Necr           N/A          7%          4    ####...
 Agony                    Necr           ####....     21%         5    ######.


Dungeon Overview and Level Annotations

Branches:
Dungeon (2/15)

Altars:

Annotations:
D:2 Ijyb


Innate Abilities, Weirdness & Mutations

Your experience applies equally to all skills.
You have very sharp teeth.
Your uncanny sense of smell can sniff out nearby items.


Message History

Ijyb misses you.
You touch Ijyb but do no damage.
Ijyb is almost dead.
Ijyb completely misses you.
You touch Ijyb but do no damage.
Ijyb is almost dead.
Ijyb closely misses you.
You touch Ijyb but do no damage.
Ijyb is almost dead.
You blink.
Your transformation has ended.
Your +0 mace unmelds from your body.
Your scarf of harm unmelds from your body.
Your +0 robe unmelds from your body.
Ijyb misses you.
You hit Ijyb but do no damage. Your bite misses Ijyb.
Ijyb is almost dead.
Ijyb screams, "Get away!"
Ijyb hits you.
You die...

#♣♣P.....P♣♣######
......⌠...........
..♣♣P.....P♣♣###### .
♣PP...PP♣♣#
...♣♣PP.PP♣♣.#
...♣♣♣♣.♣♣♣♣)#
#....♣♣.♣♣#.(########
#....#....#....8.8.8.
#..........>..†.).((
#.......g.........(.
#......@............
#.......(...........
#.................(.
#.............8.8.8.
####.........#######
#.........#
#.........#
###########


You could see Ijyb.

Vanquished Creatures
  An ooze (D:1)
  A leopard gecko (D:1)
  2 giant cockroaches (D:1)
  6 hobgoblins
  3 jackals (D:2)
  A ball python (D:1)
  3 bats (D:1)
  2 frilled lizards (D:1)
  8 goblins
  4 kobolds
  4 rats
35 creatures vanquished.

Notes
Turn   | Place    | Note
-------+----------+-------------------------------------------
     0 | D:1      | Colgate the Gnoll Necromancer began the quest for the Orb.
     0 | D:1      | Reached XP level 1. HP: 13/13 MP: 6/6
     2 | D:1      | Learned a level 1 spell: Animate Skeleton
   324 | D:1      | Reached XP level 2. HP: 19/19 MP: 5/7
   920 | D:1      | Reached XP level 3. HP: 23/25 MP: 5/9
   925 | D:1      | Learned a level 3 spell: Vampiric Draining
  1035 | D:1      | Reached skill level 5 in Spellcasting
  1312 | D:2      | Noticed Ijyb
  1327 | D:2      | Reached skill level 1 in Invocations
  1357 | D:2      | HP: 1/25 [Ijyb (2)]
  1376 | D:2      | Slain by Ijyb

Illustrated notes

Levels and vault maps discovered:
D:1:      shiori_shiawase, layout_basic
D:2:      kennysheep_the_goblin_king, layout_basic, serial_forest,
          infiniplex_forest_straight_2, infiniplex_forest_end_2,
          infiniplex_forest_corner_1, infiniplex_forest_fountain,
          infiniplex_forest_clump_curved, infiniplex_forest_lined_3

Skill      XL: |  1  2  3 |
---------------+----------+-----
Spellcasting   | 5 |  5.0
Invocations    | 1 |  1.0
Fighting       | |  0.8
Short Blades   | |  0.8
Long Blades    | |  0.8
Axes           | |  0.8
Maces & Flails | |  0.8
Polearms       | |  0.8
Staves         | |  0.8
Slings         | |  0.8
Bows           | |  0.8
Crossbows      | |  0.8
Throwing       | |  0.8
Armour         | |  0.8
Dodging        | |  4.5
Stealth        | |  4.1
Shields        | |  0.8
Unarmed Combat | |  0.8
Conjurations   | |  0.5
Hexes          | |  0.5
Charms         | |  0.5
Summonings     | |  0.5
Necromancy     | |  7.1
Translocations | |  0.5
Transmutations | |  0.5
Fire Magic     | |  0.5
Ice Magic      | |  0.5
Air Magic      | |  0.5
Earth Magic    | |  0.5
Poison Magic   | |  0.5
Evocations     | |  0.8

Action                   || total
-------------------------++-------
Melee: Unarmed           ||    38
       Mace              ||     4
Throw: Stone             ||    18
 Cast: Pain              ||    50
       Animate Skeleton  ||    11
 Stab: Sleeping          ||     1
  Eat: Chunk             ||     1
Armor: Robe              ||     1
       Skin              ||     1
Dodge: Dodged            ||    35
